 Dungeon Crawl Stone Soup version 0.26.1-11-gd32895ea62 (webtiles) character file.

Game seed: 5712211780762278507

18 Zeld the Sneak (level 2, 0/19 HPs)
             Began as an Octopode Brigand on May 16, 2021.
             Slain by a white imp (2 damage)
             ... on level 5 of the Dungeon.
             The game lasted 00:00:57 (429 turns).

Zeld the Sneak (Octopode Brigand)                    Turns: 429, Time: 00:00:58

Health: 0/19       AC:  1    Str: 10    XL:     2   Next: 70%
Magic:  3/3        EV: 13    Int: 13    God:
Gold:   62         SH:  0    Dex: 13    Spells: 3/3 levels left

rFire    . . .     SeeInvis .   a - +2 dagger
rCold    . . .     Faith    .   (no shield)
rNeg     . . .     Spirit   .   (helmet restricted)
rPois    .         Reflect  .   (no amulet)
rElec    .         Harm     .   (no ring)
rCorr    .         Rampage  .   (no ring)
Will     .....                  (no ring)
Stlth    ++++......             (no ring)
HPRegen  0.06/turn              (no ring)
MPRegen  0.08/turn              (no ring)
                                (no ring)
                                (no ring)

@: no status effects
A: almost no armour, stealthy swim, amphibious, 8 rings, constrict 8, camouflage
1, gelatinous body 1
a: no special abilities


You were on level 5 of the Dungeon.
You visited 1 branch of the dungeon, and saw 5 of its levels.

You collected 62 gold pieces.

Inventory:

Hand Weapons
 a - a +2 dagger (weapon)
Missiles
 b - 8 poisoned darts (quivered)
 c - 2 curare-tipped darts
Scrolls
 d - a scroll of enchant weapon {unknown}
 e - 3 scrolls of enchant armour {unknown}
 g - a scroll of teleportation {unknown}
Potions
 f - a potion of mutation {unknown}
 h - a potion of curing {unknown}


   Skills:
 - Level 2.0 Fighting
 - Level 2.0 Short Blades
 * Level 2.8 Throwing
 - Level 1.0 Dodging
 - Level 5.3 Stealth
 + Level 1.0 Spellcasting


You had 3 spell levels left.
You didn't know any spells.
Your spell library was empty.

Dungeon Overview and Level Annotations

Branches:
Dungeon (5/15)
 Temple: D:4-7

Altars:

Annotations:
D:5 Blork the orc


Innate Abilities, Weirdness & Mutations

You cannot wear most types of armour.
You are very stealthy in the water. (Stealth+)
You are amphibious.
You can wear up to eight rings at the same time.
You can use your tentacles to constrict eight enemies at once.
Your skin changes colour to match your surroundings (Stealth+).
Your rubbery body absorbs attacks. (AC +1, EV +1)


Message History

You hit the white imp. Your grab misses the white imp.
Your squeeze misses the white imp.
The white imp is lightly wounded.
The white imp gestures at you. The puff of frost hits you!
Ouch! That really hurt!
* * * LOW HITPOINT WARNING * * *
You hit the white imp but do no damage. Your grab misses the white imp.
The white imp is lightly wounded.
The white imp hits you.
* * * LOW HITPOINT WARNING * * *
The white imp freezes you.
* * * LOW HITPOINT WARNING * * *
You hit the white imp but do no damage. You grab the white imp.
The white imp is lightly wounded.
You constrict the white imp. The white imp closely misses you.
You hit the white imp.
The white imp is moderately wounded.
You constrict the white imp. The white imp hits you.
You die...

....###.#>#.....
................
...
................
... ##+####..#.####
... #..#.#).# ...
#..#.#...##.#
#..#.##..5#.#
+..#..##.5#.#+ .
#......###@..###...
#..........8.......
#..#...###...###..
#.##..##.+#.#+ #(
#.##...#.# #.
#.#c5.##.## #.
#.#[B##...##
#.####.....##
#..............


You could see a white imp and a shadow imp.

Vanquished Creatures
  A worm (D:3)
  A goblin (D:3)
  2 hobgoblins (D:2)
  3 jackals (D:1)
  A kobold (D:2)
  3 quokkas
  2 bats (D:1)
13 creatures vanquished.

Notes
Turn   | Place    | Note
-------+----------+-------------------------------------------
     0 | D:1      | Zeld the Octopode Brigand began the quest for the Orb.
     0 | D:1      | Reached XP level 1. HP: 14/14 MP: 1/1
   152 | D:2      | Reached XP level 2. HP: 19/19 MP: 2/2
   384 | D:5      | Entered Level 5 of the Dungeon
   384 | D:5      | Noticed Blork the orc
   418 | D:5      | Noticed a centaur
   426 | D:5      | Reached skill level 1 in Spellcasting
   429 | D:5      | Slain by a white imp

Illustrated notes

Levels and vault maps discovered:
D:1:      minmay_arrival_four_circles, layout_loops_corners
D:2:      cheibrodos_pilgrimage, layout_basic
D:3:      layout_loops_ring, fedhas_ov_isle_minmay,
          gammafunk_ghost_abyssal_escape
D:4:      layout_rooms, grunt_dithmenos_smoke, minmay_temple_entry_fiery,
          uniq_robin, uniq_sigmund, uniq_menkaure
D:5:      cheibrodos_barr_body, layout_basic, lemuel_doored_altar, zin_treasury,
          lemuel_round_altar, biasface_ghost_orc_armoury, dk_vineyard_1,
          minmay_fountain_box, cheibrodos_ashenzari_chains, uniq_blork_the_orc

Skill      XL: |  1  2 |
---------------+-------+-----
Spellcasting   | 1 |  1.0
Fighting       | |  2.0
Short Blades   | |  2.0
Throwing       | |  2.8
Dodging        | |  1.0
Stealth        | |  5.3

Action                   || total
-------------------------++-------
Melee: Dagger            ||    29
       Constrict         ||     8
       Tentacles         ||     3
 Stab: Sleeping          ||     4
       Distracted        ||     1
Armor: Skin              ||     2
Dodge: Dodged            ||    13
